 Dungeon Crawl Stone Soup version 0.23.2-1-ga50397a6bc (webtiles) character file.

Game seed: 4758626184063698534

196 Menchi the Shield-Bearer (level 5, 0/47 HPs)
             Began as a Gnoll Fighter on May 6, 2019.
             Was a Follower of Nemelex Xobeh.
             Succumbed to a worker ant's poison
             ... on level 4 of the Dungeon.
             The game lasted 00:04:31 (2664 turns).

Menchi the Shield-Bearer (Gnoll Fighter)            Turns: 2664, Time: 00:04:32

Health: 0/47       AC: 12    Str: 24    XL:     5   Next: 75%
Magic:  7/7        EV: 11    Int: 11    God:    Nemelex Xobeh [*.....]
Gold:   197        SH:  0    Dex: 14    Spells: 7/7 levels left

rFire    . . .     SeeInvis .   a - +0 long sword
rCold    . . .     Gourm    .   (no shield)
rNeg     . . .     Faith    .   b - +0 scale mail
rPois    .         Spirit   .   u - +2 hat
rElec    .         Reflect  .   q - +0 cloak
rCorr    .         Harm     .   (no gloves)
MR       .....                  m - +0 pair of boots
Stlth    ..........             (no amulet)
HPRegen  0.15/turn              i - ring of wizardry
MPRegen  0.10/turn              (no ring)

@: confused, mighty, lethally poisoned (0 -> -4)
A: distributed training, fangs 1, strong nose
a: Draw Escape, Draw Destruction, Draw Summoning, Renounce Religion


You were on level 4 of the Dungeon.
You worshipped Nemelex Xobeh.
Nemelex Xobeh was aware of your devotion.
You were not hungry.

You visited 1 branch of the dungeon, and saw 4 of its levels.

You collected 197 gold pieces.

Inventory:

Hand Weapons
 a - a +0 long sword (weapon)
Armour
 b - a +0 scale mail (worn)
 m - a +0 pair of boots (worn)
 q - a +0 cloak (worn)
 u - a +2 hat (worn)
Jewellery
 i - a ring of wizardry (left hand)
Scrolls
 l - 2 scrolls of fog
 n - 3 scrolls of teleportation
 o - a scroll of magic mapping
 p - a scroll of remove curse
 r - 2 scrolls of identify {unknown}
 s - a scroll of amnesia {unknown}
Potions
 d - a potion of might
 g - a potion of curing {unknown}
 h - a potion of flight {unknown}
 j - a potion of lignification {unknown}
 k - 2 potions of haste {unknown}
 t - 2 potions of brilliance {unknown}
Comestibles
 f - 7 rations


   Skills:
 + Level 6.7 Fighting
 + Level 1.6 Short Blades
 + Level 4.8 Long Blades
 + Level 1.6 Axes
 + Level 1.6 Maces & Flails
 + Level 1.6 Polearms
 + Level 1.6 Staves
 + Level 1.6 Slings
 + Level 1.6 Bows
 + Level 1.6 Crossbows
 + Level 1.6 Throwing
 + Level 6.7 Armour
 + Level 1.6 Dodging
 + Level 1.6 Stealth
 + Level 6.7 Shields
 + Level 1.6 Unarmed Combat
 + Level 1.6 Spellcasting
 + Level 1.2 Conjurations
 + Level 1.2 Hexes
 + Level 1.2 Charms
 + Level 1.2 Summonings
 + Level 1.2 Necromancy
 + Level 1.2 Translocations
 + Level 1.2 Transmutations
 + Level 1.2 Fire Magic
 + Level 1.2 Ice Magic
 + Level 1.2 Air Magic
 + Level 1.2 Earth Magic
 + Level 1.2 Poison Magic
 + Level 1.8 Invocations
 + Level 1.6 Evocations


You had 7 spell levels left.
You didn't know any spells.
Your spell library contained the following spells:

 Spells                   Type           Power        Failure   Level  Hunger
 Sandblast                Erth           #.....       16%         1    ##.....
 Passwall                 Tmut/Erth      #.......     24%         2    ###....
 Stone Arrow              Conj/Erth      #.....       41%         3    ####...
 Petrify                  Tmut/Erth      #.......     80%         4    #####..
 Lee's Rapid Deconstruct  Erth           #.........   98%         5    ######.


Dungeon Overview and Level Annotations

Branches:
Dungeon (4/15)
 Temple: D:4-7

Altars:
Ashenzari
Dithmenos
Nemelex Xobeh


Innate Abilities, Weirdness & Mutations

Your experience applies equally to all skills.
You have very sharp teeth.
Your uncanny sense of smell can sniff out nearby items.


Message History

You miss the orc priest.
You punch the orc priest, but do no damage.
You bite the orc priest, but do no damage.
The orc priest is lightly wounded.
The orc priest calls down the wrath of Beogh upon you.
Beogh smites you!
* * * LOW HITPOINT WARNING * * *
Something hits you but does no damage. The worker ant bites you.
* * * LOW HITPOINT WARNING * * *
You are lethally poisoned!
The worker ant poisons you!
You feel very mighty all of a sudden.
* * * LOW HITPOINT WARNING * * *
You feel sick. The worker ant closely misses you.
The orc priest barely misses you. Something hits you but does no damage.
The orc closely misses you.
You closely miss the orc priest.
The orc priest is lightly wounded.
You die...
Your body disappears without a glow.

# # #.# ###.# ..... ###
#### #.. #.> #.#
#.########.# #.#
##....o.@##.# .######.#
.......aoo..# .......(.
.#.####..#..# #.####.# #
...≈..≈≈.# ###.#
#.##.≈.♣...######.##....
?#.#..≈♣≈≈......(..##.###
...≈≈≈≈...#.#########.# #
..≈≈≈≈.≈≈≈♣###### #.###
#.#..≈#≈≈≈≈##...# #....


You could see a worker ant, an orc priest and 2 orcs.

Vanquished Creatures
  11 adders
  2 oozes
  An adder skeleton (D:4)
  4 worms
  3 dart slugs
  A leopard gecko (D:1)
  7 orcs (D:3)
  4 giant cockroaches
  7 goblins
  8 hobgoblins
  4 kobolds
  A ball python (D:1)
  3 bats
  3 frilled lizards
  A jackal skeleton (D:4)
  10 rats
70 creatures vanquished.

Notes
Turn   | Place    | Note
-------+----------+-------------------------------------------
     0 | D:1      | Menchi the Gnoll Fighter began the quest for the Orb.
     0 | D:1      | Reached XP level 1. HP: 23/23 MP: 1/1
   163 | D:1      | Reached XP level 2. HP: 26/29 MP: 2/2
   615 | D:2      | Reached XP level 3. HP: 30/35 MP: 3/3
   649 | D:2      | Found a sparkling altar of Nemelex Xobeh.
   693 | D:2      | Reached skill level 1 in Invocations
   768 | D:2      | Reached skill level 1 in Short Blades
   768 | D:2      | Reached skill level 1 in Axes
   768 | D:2      | Reached skill level 1 in Maces & Flails
   768 | D:2      | Reached skill level 1 in Polearms
   768 | D:2      | Reached skill level 1 in Staves
   768 | D:2      | Reached skill level 1 in Slings
   768 | D:2      | Reached skill level 1 in Bows
   768 | D:2      | Reached skill level 1 in Crossbows
   768 | D:2      | Reached skill level 1 in Throwing
   768 | D:2      | Reached skill level 1 in Dodging
   768 | D:2      | Reached skill level 1 in Stealth
   768 | D:2      | Reached skill level 1 in Unarmed Combat
   768 | D:2      | Reached skill level 1 in Spellcasting
   768 | D:2      | Reached skill level 1 in Evocations
   768 | D:2      | Reached XP level 4. HP: 41/41 MP: 5/5
  1056 | D:2      | Reached skill level 1 in Conjurations
  1056 | D:2      | Reached skill level 1 in Hexes
  1056 | D:2      | Reached skill level 1 in Charms
  1056 | D:2      | Reached skill level 1 in Summonings
  1056 | D:2      | Reached skill level 1 in Necromancy
  1056 | D:2      | Reached skill level 1 in Translocations
  1056 | D:2      | Reached skill level 1 in Transmutations
  1056 | D:2      | Reached skill level 1 in Fire Magic
  1056 | D:2      | Reached skill level 1 in Ice Magic
  1056 | D:2      | Reached skill level 1 in Air Magic
  1056 | D:2      | Reached skill level 1 in Earth Magic
  1056 | D:2      | Reached skill level 1 in Poison Magic
  1064 | D:2      | Found a shattered altar of Ashenzari.
  1441 | D:2      | Became a worshipper of Nemelex Xobeh the Trickster
  1481 | D:3      | Reached XP level 5. HP: 40/47 MP: 6/6
  1568 | D:3      | Received a gift from Nemelex Xobeh
  1650 | D:3      | Found a shadowy altar of Dithmenos.
  2005 | D:3      | Received a gift from Nemelex Xobeh
  2137 | D:3      | Reached * piety under Nemelex Xobeh
  2662 | D:4      | HP: 2/47 [worker ant (5)]
  2664 | D:4      | Succumbed to a worker ant's poison

Skill      XL: |  1  2  3  4 |
---------------+-------------+-----
Invocations    | 1 |  1.8
Short Blades   | 1 |  1.6
Axes           | 1 |  1.6
Maces & Flails | 1 |  1.6
Polearms       | 1 |  1.6
Staves         | 1 |  1.6
Slings         | 1 |  1.6
Bows           | 1 |  1.6
Crossbows      | 1 |  1.6
Throwing       | 1 |  1.6
Dodging        | 1 |  1.6
Stealth        | 1 |  1.6
Unarmed Combat | 1 |  1.6
Spellcasting   | 1 |  1.6
Evocations     | 1 |  1.6
Conjurations   | 1 |  1.2
Hexes          | 1 |  1.2
Charms         | 1 |  1.2
Summonings     | 1 |  1.2
Necromancy     | 1 |  1.2
Translocations | 1 |  1.2
Transmutations | 1 |  1.2
Fire Magic     | 1 |  1.2
Ice Magic      | 1 |  1.2
Air Magic      | 1 |  1.2
Earth Magic    | 1 |  1.2
Poison Magic   | 1 |  1.2
Fighting       | |  6.7
Long Blades    | |  4.8
Armour         | |  6.7
Shields        | |  6.7

Action                   |  1- 3 |  4- 6 || total
-------------------------+-------+-------++-------
Melee: Long sword        |    55 |   166 ||   221
       Bite              |    12 |    25 ||    37
       Punch             |       |     1 ||     1
  Use: Scroll            |     1 |     3 ||     4
       Potion            |       |     1 ||     1
  Eat: Chunk             |       |     6 ||     6
Armor: Scale mail        |    27 |    77 ||   104
Dodge: Dodged            |    36 |    95 ||   131
Block: Shield            |     3 |       ||     3
       Rpst.: Long sword |    15 |    34 ||    49
